 Dungeon Crawl Stone Soup version 0.32-a0-607-g64ea0e4219 (webtiles) character file.

Game seed: 821708788286412694

1019 IndexError the Caller (level 8, -4/67 HPs)
             Began as an Oni Summoner on Mar 4, 2024.
             Was a Believer of Zin.
             Slain by an ogre
             ... wielding a +0 giant club
              (23 damage)
             ... on level 5 of the Dungeon.
             The game lasted 00:16:42 (5125 turns).

IndexError the Caller (Oni Summoner)                Turns: 5125, Time: 00:16:42

Health: -4/67      AC:  3    Str: 13    XL:     8   Next: 22%
Magic:  24/26      EV:  9    Int: 18    God:    Zin [**....]
Gold:   315        SH:  0    Dex:  9    Spells: 13/19 levels left

rFire   . . .        e - +0 spear
rCold   . . .        (no shield)
rNeg    + . .        a - +0 robe
rPois   .            (helmet restricted)
rElec   .            (no cloak)
rCorr   .            (gloves unavailable)
SInv    .            (boots unavailable)
Will    +....        l - amulet of regeneration {+regen, !d}
Stlth   +            n - ring "Peidoff" {Fly rN+ Will+}
HPRegen 1.11/turn    p - ring of magical power {MP+9}
MPRegen 0.20/turn

%: no passive effects
@: flying, inugami summoned
A: large, unfitting armour, horns 1, tough skin 1, double potion healing,
drunken brawling
a: Renounce Religion, Recite, Vitalisation, Donate Gold


You were on level 5 of the Dungeon.
You worshipped Zin.
Zin was pleased with you.
You visited 2 branches of the dungeon, and saw 6 of its levels.

You collected 349 gold pieces.
You donated 34 gold pieces to Zin.

Inventory:

Hand Weapons
 d - a +0 executioner's axe of freezing
   (You found it on level 1 of the Dungeon)
 e - a +0 spear (weapon)
   (You found it on level 1 of the Dungeon)
Armour
 a - a +0 robe (worn)
Magical Staves
 h - a staff of fire {rF+}
   (You found it on level 2 of the Dungeon)
 t - a staff of conjuration {!a}
   (You found it on level 4 of the Dungeon)
Jewellery
 l - an amulet of regeneration (around neck) {+regen, !d}
   (You found it on level 3 of the Dungeon)
 n - the ring "Peidoff" (left hand) {Fly rN+ Will+}
   (You found it on level 3 of the Dungeon)

   [ring of flight]

   rN+:       It protects you from negative energy.
   Will+:     It increases your willpower.
   Fly:       It grants you flight.
 p - a ring of magical power (right hand) {MP+9}
   (You found it on level 3 of the Dungeon)
 v - an amulet of reflection
   (You found it on level 4 of the Dungeon)
Wands
 y - a wand of quicksilver (8)
   (You found it on level 4 of the Dungeon)
Scrolls
 i - a scroll of revelation {unknown}
 j - a scroll of enchant weapon {unknown}
 k - a scroll of vulnerability {unknown}
 q - 2 scrolls of immolation {unknown}
 r - a scroll of fear {unknown}
 s - 3 scrolls of teleportation {unknown}
 w - a scroll of noise {unknown}
 A - a scroll of enchant armour {unknown}
Potions
 b - 2 potions of magic
 c - 2 potions of lignification {unknown}
 f - 2 potions of degeneration {unknown}
 g - 2 potions of attraction {unknown}
 m - a potion of curing {unknown}
 o - a potion of mutation {unknown}
 u - a potion of berserk rage {unknown}
 x - 2 potions of resistance {unknown}
 z - 2 potions of brilliance {unknown}


   Skills:
 - Level 1.7 Dodging
 - Level 1.4 Stealth
 + Level 6.3 Spellcasting
 * Level 7.9 Summonings


You had 13 spell levels left.
You knew the following spells:

 Your Spells              Type           Power      Damage    Failure   Level
a - Summon Small Mammal   Summ           100%       N/A       1%          1
b - Call Canine Familiar  Summ           34%        N/A       1%          3
c - Call Imp              Summ           68%        N/A       1%          2

Your spell library contained the following spells:

 Spells                   Type           Power      Damage    Failure   Level
 Cigotuvi's Dreadful Rot  Necr/Alch/Air  10%        N/A       17%         2
 Ensorcelled Hibernation  Hex/Ice        10%        N/A       17%         2
 Martyr's Knell           Necr/Summ      19%        N/A       22%         4
 Summon Blazeheart Golem  Fire/Summ      19%        N/A       22%         4
 Summon Lightning Spire   Summ/Air       19%        N/A       22%         4
 Fugue of the Fallen      Necr           5%         N/A       34%         3
 Sigil of Binding         Hex            5%         N/A       34%         3
 Tukima's Dance           Hex            5%         N/A       34%         3
 Anguish                  Hex/Necr       2%         N/A       75%         4
 Dimensional Bullseye     Hex/Tloc       2%         N/A       75%         4
 Dispel Undead            Necr           5%         3d7       75%         4
 Iskenderun's Mystic Bla  Conj/Tloc      5%         2d3       75%         4
 Olgreb's Toxic Radiance  Alch           5%         N/A       75%         4
 Death Channel            Necr           2%         N/A       100%        6
 Ozocubu's Refrigeration  Ice            2%         4d8       100%        7
 Discord                  Hex            2%         N/A       100%        8


Dungeon Overview and Level Annotations

Branches:
Dungeon (5/15)             Temple (1/1) D:4

Altars:
Ashenzari
Cheibriados
Fedhas
Gozag
Kikubaaqudgha
Makhleb
Nemelex Xobeh
Okawaru
Ru
Sif Muna
Uskayaw
Wu Jian
Yredelemnul
Zin
The Shining One

Shops:
D:1 !


Innate Abilities, Weirdness & Mutations

You are too large for most types of armour.
You have a pair of small horns on your head.
You have tough skin. (AC +1)
You gain doubled healing and magic from potions.
Whenever you drink a healing potion, you attack all around you.


Message History

You hit the hound. You headbutt the hound.
No target in view!
You see here a hound corpse.
s - 3 scrolls labelled ZUCOLA XIWAODA (gained 1)
A gnoll comes into view. It is wielding a +0 spear.
Health restored: 67; MP restored: 26 A gnoll is nearby!
A gnoll is nearby!
A gnoll bouda comes into view. It is wielding a +0 club.
You swap places.
The gnoll misses your inugami.
The gnoll bouda shouts!
Your inugami closely misses the gnoll.
The gnoll closely misses your inugami.
A gnoll comes into view. It is wielding a +0 halberd.
A gnoll comes into view. It is wielding a +0 club.
Your inugami barely misses the gnoll.
The gnoll hits you from afar with a +0 spear.
You take 6 damage, and have 61/67 hp.
You reach to attack!
You hit the gnoll. Your inugami hits the gnoll!
You regained 2 hp, and now have 63/67 hp.
You swap places.
Found a blossoming altar of Fedhas.
Found an escape hatch in the ceiling.
There is an open door here.
You swap places.
Your inugami hits the gnoll bouda!
The gnoll bouda barely misses your inugami.
Your inugami hits the gnoll bouda! The gnoll barely misses your inugami.
The gnoll bouda misses your inugami.
Your inugami closely misses the gnoll bouda.
The gnoll barely misses you.
The gnoll bouda hits your inugami with a +0 club.
The gnoll closely misses your inugami.
Health restored: 67 You could not reach far enough!
Your inugami closely misses the gnoll bouda.
The gnoll barely misses you.
The gnoll bouda mumbles some strange prayers to its god.
The gnoll bouda is healed somewhat.
The gnoll hits your inugami but does no damage.
You could not reach far enough!
Your inugami hits the gnoll bouda.
The gnoll hits you from afar with a +0 halberd.
The gnoll bouda hits your inugami with a +0 club!
The gnoll barely misses your inugami.
You take 4 damage, and have 63/67 hp.
Casting: Call Canine Familiar (safe; 1% risk of failure)
Confirm with . or Enter, or press ? or * to list all spells.
You imbue your familiar with magical energy and its fangs glint viciously.
Your inugami barely misses the gnoll bouda.
Your inugami hits the gnoll.
Your inugami barely misses the gnoll.
The gnoll misses you.
Your inugami hits the gnoll bouda! The gnoll barely misses your inugami.
You regained 2 hp, and now have 65/67 hp.
You now have 23/26 mp.
You reach to attack!
You hit the gnoll but do no damage.
Your inugami barely misses the gnoll.
The gnoll barely misses you.
The gnoll hits your inugami but does no damage.
You reach to attack!
You closely miss the gnoll.
Your inugami hits the gnoll but does no damage.
The gnoll hits you from afar with a +0 halberd!
The gnoll hits your inugami but does no damage.
You reach to attack!
You hit the gnoll. Your inugami hits the gnoll.
The gnoll hits you but does no damage.
The gnoll hits your inugami with a +0 club.
Your inugami hits the gnoll. The gnoll closely misses you.
You take 7 damage, and have 59/67 hp.
You reach to attack!
You hit the gnoll.
The gnoll hits you from afar with a +0 halberd.
Your inugami hits the gnoll!
You take 3 damage, and have 56/67 hp.
You could not reach far enough!
Your inugami hits the gnoll!
You regained 2 hp, and now have 58/67 hp.
Your inugami disappears in a puff of smoke!
There is an open door here.
Things that are here:
a +0 club; a +0 robe; a +0 spear
Found a stone staircase leading down.
f - 2 silvery potions (gained 1) Health restored: 67; MP restored: 26
There is an open door here.
Found a stone staircase leading down.
There is a stone staircase leading down here.
An ogre comes into view. It is wielding a +0 giant club.
An ogre is nearby!
An ogre is nearby!
You reach to attack!
The helpless ogre fails to defend itself.
You hit the ogre.
The ogre hits you with a +0 giant club!!
You take 24 damage, and have 43/67 hp.
MASSIVE DAMAGE!!
You regained 2 hp, and now have 45/67 hp.
Casting: Call Canine Familiar (safe; 1% risk of failure)
Confirm with . or Enter, or press ? or * to list all spells.
You call for your canine familiar and it appears with a howl!
You now have 23/26 mp.
The ogre attacks as it pursues you!
The ogre hits you with a +0 giant club!!
* * * LOW HITPOINT WARNING * * *
You take 31 damage, and have 16/67 hp.
MASSIVE DAMAGE!!
The ogre attacks as it pursues you!
The ogre hits you with a +0 giant club!!
You die...

#######.#### #.# #
#.# #.# # ##'## #># #
##...## #####.# #
##.....#####.....# #
##.<......P.P...###
###........P.PPP.>.##
..'........PP_P.....#
###.........P.PP@..##
# ##........PPP.O.##
# ##.....#####.### #
##)))## #h# # ##'##
#.# # #.# #.### # #.#
#...# ####
##.#########.#
...###.)....... ..#


You could see an ogre (ally target) and a friendly inugami (summoned).

Vanquished Creatures
  A black bear (D:5)
  A hound (D:5)
  An orc priest (D:4)
  An iguana (D:5)
  An orc wizard (D:5)
  A gnoll (D:5)
  An adder (D:2)
  A dart slug (D:2)
  6 orcs
  5 ball pythons
  8 endoplasms
  2 giant cockroaches
  5 goblins
  3 hobgoblins
  A jackal (D:1)
  3 quokkas
  3 bats
  3 frilled lizards
  3 rats
50 creatures vanquished.

Vanquished Creatures (collateral kills)
  A centaur (D:5)
  A phantom (D:3)
  3 scorpions
  2 bombardier beetles
  4 hounds (D:4)
  A gnoll bouda (D:5)
  A sleepcap (D:5)
  An iguana (D:5)
  5 gnolls
  2 adders
  2 ufetubi (D:5)
  4 dart slugs
  A ribbon worm (D:3)
  7 orcs
  A ball python (D:1)
  6 bats
  3 endoplasms
  4 giant cockroaches
  A goblin (D:4)
  2 hobgoblins
  3 jackals (D:1)
  6 kobolds
  2 quokkas
  4 frilled lizards (D:2)
  2 rats
69 creatures vanquished.

Grand Total: 119 creatures vanquished

Notes
Turn   | Place    | Note
-------+----------+-------------------------------------------
     0 | D:1      | IndexError the Oni Summoner began the quest for the Orb.
     0 | D:1      | Reached XP level 1. HP: 16/16 MP: 3/3
    52 | D:1      | Reached XP level 2. HP: 14/24 MP: 1/5
   226 | D:1      | Reached skill level 4 in Summonings
   448 | D:1      | Found Fobi Zill's Distillery.
   462 | D:1      | Reached skill level 3 in Spellcasting
   466 | D:1      | Reached XP level 3. HP: 31/31 MP: 4/7
   955 | D:1      | Learned a level 2 spell: Call Imp
   959 | D:1      | Learned a level 3 spell: Call Canine Familiar
  1201 | D:2      | Reached XP level 4. HP: 39/39 MP: 6/9
  2043 | D:3      | Reached skill level 5 in Summonings
  2043 | D:3      | Reached XP level 5. HP: 45/45 MP: 10/10
  2360 | D:3      | Identified the ring "Peidoff" {Fly rN+ Will+}
  2674 | D:3      | Reached skill level 4 in Spellcasting
  3065 | D:4      | Reached XP level 6. HP: 53/53 MP: 12/12
  3073 | D:4      | Reached skill level 6 in Summonings
  3165 | D:4      | Reached skill level 5 in Spellcasting
  3165 | D:4      | Reached XP level 7. HP: 47/59 MP: 14/14
  3392 | D:4      | Found a staircase to the Ecumenical Temple.
  3433 | Temple   | Entered the Ecumenical Temple
  3461 | Temple   | Became a worshipper of Zin the Law-Giver
  3461 | Temple   | Reached * piety under Zin
  3593 | D:4      | HP: 13/59 [orc priest/divine providence (12)]
  3922 | D:5      | Entered Level 5 of the Dungeon
  4238 | D:5      | HP: 11/59 [black bear (11)]
  4239 | D:5      | Zin protects you from harm!
  4242 | D:5      | Reached skill level 7 in Summonings
  4345 | D:5      | Reached ** piety under Zin
  4348 | D:5      | Identified the +9 plate armour of Ara Olee {Fly rF+ Dex+4}
  4502 | D:5      | Found a sacrificial altar of Ru.
  4575 | D:5      | Reached skill level 6 in Spellcasting
  4575 | D:5      | Reached XP level 8. HP: 38/67 MP: 17/17
  4923 | D:5      | Found a glowing golden altar of the Shining One.
  5046 | D:5      | Found a blossoming altar of Fedhas.
  5122 | D:5      | HP: 16/67 [ogre/+0 giant club (32)]
  5125 | D:5      | Slain by an ogre

Illustrated notes

Levels and vault maps discovered:
D:1:      heliophobic_arrival_glass_houses, layout_basic, serial_shops,
          nicolae_shop_statue_plus, nicolae_the_louvre
D:2:      minmay_alternating_diamond, layout_basic
D:3:      layout_loops_ring
D:4:      layout_basic, temple_doors_e, minmay_misc_feat_columns,
          dreamdust_gnoll_farm
D:5:      layout_loops_corners, mainiacjoe_overflow_concentric_impassable,
          tso_altar, fedhas_altar_3
Temple:   chequers_temple_sunken

Skill      XL: |  1  2  3  4  5  6  7 |
---------------+----------------------+-----
Summonings     | 4 5 6 7 |  7.9
Spellcasting   | 3 4 5 6 |  6.3
Dodging        | |  1.7
Stealth        | |  1.4

Action                     |  1- 3 |  4- 6 |  7- 9 || total
---------------------------+-------+-------+-------++-------
  Melee: Unarmed           |    15 |       |       ||    15
         Headbutt          |    10 |     9 |    10 ||    29
         Executioner's axe |     9 |       |       ||     9
         Spear             |    43 |    95 |    82 ||   220
   Cast: Summon Small Mamm |    30 |     4 |    10 ||    44
         Call Canine Famil |     2 |    12 |    16 ||    30
         Call Imp          |     2 |     6 |       ||     8
   Stab: Sleeping          |       |     2 |     3 ||     5
         Distracted        |       |     1 |     3 ||     4
 Armour: Robe              |    74 |    38 |    73 ||   185
  Dodge: Dodged            |    62 |    27 |    37 ||   126

Table legend: (Time is in decaauts)
 A = Elapsed time spent in this place.
 B = Non-inter-level travel time spent in this place.
 C = Inter-level travel time spent in this place.
 D = Time resting spent in this place.
 E = Time spent auto-exploring this place.
 F = Levels seen in this place.
 G = Mean time per level.
                   A        B        C        D        E       F      G
               +--------+--------+--------+--------+--------+-----+--------+
         Total |   5165 |   4785 |    380 |      0 |   3819 |   6 |  860.8 |
       Dungeon |   5117 |   4760 |    357 |      0 |   3819 |   5 | 1023.4 |
        Temple |     47 |     24 |     23 |      0 |      0 |   1 |   47.0 |
               +--------+--------+--------+--------+--------+-----+--------+

Top non-repeatable levels by time:
     D:4: 1177 daAuts
     D:3: 1026 daAuts
     D:1: 987 daAuts
     D:2: 965 daAuts
     D:5: 960 daAuts
  Temple: 47 daAuts

Levels and vault maps discovered:
D:1:      heliophobic_arrival_glass_houses, layout_basic, serial_shops,
          nicolae_shop_statue_plus, nicolae_the_louvre
D:2:      minmay_alternating_diamond, layout_basic
D:3:      layout_loops_ring
D:4:      layout_basic, temple_doors_e, minmay_misc_feat_columns,
          dreamdust_gnoll_farm
D:5:      layout_loops_corners, mainiacjoe_overflow_concentric_impassable,
          tso_altar, fedhas_altar_3
Temple:   chequers_temple_sunken

Table legend: (Time is in decaauts)
 A = Elapsed time spent in this place.
 B = Non-inter-level travel time spent in this place.
 C = Inter-level travel time spent in this place.
 D = Time resting spent in this place.
 E = Time spent auto-exploring this place.
 F = Levels seen in this place.
 G = Mean time per level.
                   A        B        C        D        E       F      G
               +--------+--------+--------+--------+--------+-----+--------+
         Total |   5165 |   4785 |    380 |      0 |   3819 |   6 |  860.8 |
       Dungeon |   5117 |   4760 |    357 |      0 |   3819 |   5 | 1023.4 |
        Temple |     47 |     24 |     23 |      0 |      0 |   1 |   47.0 |
               +--------+--------+--------+--------+--------+-----+--------+

Top non-repeatable levels by time:
     D:4: 1177 daAuts
     D:3: 1026 daAuts
     D:1: 987 daAuts
     D:2: 965 daAuts
     D:5: 960 daAuts
  Temple: 47 daAuts

Table legend:
 A = Kills in this place as a percentage of kills in the entire game.
 B = Kills by you in this place as a percentage of kills by you in the entire game.
 C = Kills by friends in this place as a percentage of kills by friends in the entire game.
 D = Other kills in this place as a percentage of other kills in the entire game.
 E = Experience gained in this place as a percentage of experience gained in the entire game.
 F = Experience gained in this place divided by the number of levels of this place that you have seen.
                   A       B       C       D       E      F
               +-------+-------+-------+-------+-------+----------------------
         Total | 100.0 | 100.0 | 100.0 |   N/A | 100.0 | 242.8
       Dungeon | 100.0 | 100.0 | 100.0 |   N/A | 100.0 | 291.4
               +-------+-------+-------+-------+-------+----------------------
